 Dungeon Crawl Stone Soup version 0.23-a0-642-g3120c2f (webtiles) character file.

903 MisterFreud the Carver (level 8, -5/50 HPs)
             Began as an Octopode Gladiator on Dec 30, 2018.
             Was an Initiate of Cheibriados.
             Slain by an iguana (12 damage)
             ... on level 5 of the Dungeon.
             The game lasted 00:07:57 (6208 turns).

MisterFreud the Carver (Octopode Gladiator)         Turns: 6208, Time: 00:07:57

Health: -5/50      AC:  1    Str: 15    XL:     8   Next: 7%
Magic:  8/8        EV: 16    Int: 13    God:    Cheibriados [......]
Gold:   350        SH:  0    Dex: 14    Spells: 7/7 levels left

rFire    + . .     SeeInvis .   a - +0 long sword
rCold    . . .     Gourm    .   (no shield)
rNeg     . . .     Faith    .   b - +0 hat
rPois    .         Spirit   .   (no amulet)
rElec    .         Reflect  .   h - ring of protection from fire
rCorr    .         Harm     .   (no ring)
MR       .....                  (no ring)
Stlth    ++........             (no ring)
HPRegen  0.16/turn              (no ring)
MPRegen  0.11/turn              (no ring)
                                (no ring)
                                (no ring)

@: very slow
A: almost no armour, stealthy swim, amphibious, 8 rings, constrict 8, camouflage
1, gelatinous body 1
a: Bend Time, Renounce Religion


You were on level 5 of the Dungeon.
You worshipped Cheibriados.
Cheibriados was noncommittal.
You were not hungry.

You visited 2 branches of the dungeon, and saw 7 of its levels.

You collected 350 gold pieces.

Inventory:

Hand Weapons
 a - a +0 long sword (weapon)
Missiles
 c - 3 throwing nets (quivered)
 f - 36 bolts
 g - 239 stones
 k - 30 sling bullets
 m - 25 arrows
 p - 24 poisoned needles
 t - 4 tomahawks
Armour
 b - a +0 hat (worn)
Jewellery
 h - a ring of protection from fire (left tentacle)
Wands
 z - a wand of scattershot (6)
Scrolls
 i - 2 scrolls of identify
 l - a scroll of blinking
 q - a scroll of teleportation
 u - a scroll of remove curse
 v - a scroll of fog {unknown}
 y - a scroll of magic mapping {unknown}
Potions
 e - 6 potions of curing
 j - a potion of haste
 n - a potion of lignification
 o - 3 potions of might
 r - a potion of resistance
 s - a potion of flight
 w - a potion of degeneration {unknown}
Comestibles
 d - 7 rations
 x - a chunk of flesh


   Skills:
 - Level 2.0 Fighting
 - Level 8.0 Long Blades
 - Level 2.0 Throwing
 + Level 5.8 Dodging


You had 7 spell levels left.
You didn't know any spells.
Your spell library was empty.

Dungeon Overview and Level Annotations

Branches:
Dungeon (6/15)             Temple (1/1) D:5

Altars:
Ashenzari
Cheibriados
Dithmenos
Elyvilon
Fedhas
Gozag
Hepliaklqana
Kikubaaqudgha
Nemelex Xobeh
Qazlal
Sif Muna
Trog
Uskayaw
Vehumet
Wu Jian
Xom
Yredelemnul
The Shining One

Annotations:
D:5 2 transporters, Xoff's ghost, novice MiMo
D:6 Dowan; Duvessa


Innate Abilities, Weirdness & Mutations

You cannot wear most types of armour.
You are very stealthy in the water. (Stealth+)
You are amphibious.
You can wear up to eight rings at the same time.
You can use your tentacles to constrict eight enemies at once.
Your skin changes colour to match your surroundings (Stealth+).
Your rubbery body absorbs attacks. (AC +1, EV +1)


Message History

You constrict Duvessa, but do no damage.
Duvessa hits you with a +0 rapier!
You hit Duvessa.
Duvessa is lightly wounded.
You constrict Duvessa. Duvessa hits you with a +0 rapier.
You release your grip on Duvessa.
The iguana barely misses you.
You riposte.
You closely miss the iguana. Your grab misses the iguana.
Your squeeze misses the iguana.
The iguana is heavily wounded.
You climb upwards.
Level annotation: 2 transporters, Xoff's ghost, novice MiMo
There is a stone staircase leading down here.
You barely miss the iguana. You grab the iguana.
The iguana is heavily wounded.
You constrict the iguana. The iguana bites you!
* * * LOW HITPOINT WARNING * * *
You hit the iguana but do no damage.
The iguana is severely wounded.
You constrict the iguana. The iguana bites you!
You die...

# #.# #...#..###.###.Z#...# #
#.###.#.#..........W#.... #
#.......#Z....Z.....#.### #
#####.#.#############.# # ######
#.....................# # .....#
#.###.##.####.##.###### # ####.#
#.# #.##.# #.##.# # # #.#
##.###.##.## #.##'## # #.#
#........@)# #.#...## # ## #.#
#..###.##l.# #......## .###.#
#..###..#..###.......## #
..##.###..........##.........####
.............................'...
..##.###........####.........####
.###.# #####.#.## ##)......## #
####.# #.### ##.....## #...# #.#
##...##


You could see an iguana and a hound zombie.

Vanquished Creatures
  Sigmund (D:5)
  A bullfrog (D:3)
  2 howler monkeys (D:4)
  2 bullfrog zombies
  A crimson imp (D:5)
  A centaur zombie (D:5)
  A hound (D:5)
  A jelly (D:3)
  An orc priest (D:4)
  Ijyb (D:5)
  Natasha (twice) (D:2)
  3 orc wizards (D:4)
  A howler monkey skeleton (D:5)
  4 gnolls (D:4)
  3 adders
  2 oozes
  An adder zombie (D:5)
  An adder skeleton (D:5)
  3 worms
  A dart slug (D:1)
  6 leopard geckos
  21 orcs
  7 giant cockroaches
  7 goblins
  10 hobgoblins
  A jackal (D:1)
  10 kobolds
  2 quokkas (D:5)
  4 bats
  4 frilled lizards
  A quokka zombie (D:5)
  8 rats
114 creatures vanquished.

Vanquished Creatures (others)
  An orc (D:4)
1 creature vanquished.

Grand Total: 115 creatures vanquished

Notes
Turn   | Place    | Note
-------+----------+-------------------------------------------
     0 | D:1      | MisterFreud the Octopode Gladiator began the quest for the
                  | Orb.
     0 | D:1      | Reached XP level 1. HP: 14/14 MP: 1/1
   132 | D:1      | Reached XP level 2. HP: 19/19 MP: 2/2
   464 | D:1      | Reached skill level 4 in Long Blades
   530 | D:1      | Reached XP level 3. HP: 23/24 MP: 3/3
  1341 | D:2      | Reached XP level 4. HP: 13/29 MP: 4/4
  1890 | D:2      | Noticed Natasha
  1899 | D:2      | Killed Natasha
  1899 | D:2      | Reached skill level 5 in Long Blades
  2061 | D:2      | Found a hazy altar of Hepliaklqana.
  2062 | D:2      | Found a shimmering altar of Xom.
  2062 | D:2      | Noticed a tentacled monstrosity
  2063 | D:2      | Noticed a tentacled monstrosity
  2063 | D:2      | Noticed a spectral ugly thing
  2213 | D:3      | Noticed a bullfrog
  2218 | D:3      | Killed a bullfrog
  2218 | D:3      | Reached skill level 6 in Long Blades
  2218 | D:3      | Reached XP level 5. HP: 21/34 MP: 5/5
  3102 | D:3      | Reached XP level 6. HP: 34/39 MP: 6/6
  3784 | D:2      | Noticed Natasha
  3788 | D:2      | Killed Natasha
  3788 | D:2      | Reached skill level 7 in Long Blades
  4313 | D:4      | Reached XP level 7. HP: 31/45 MP: 7/7
  4867 | D:4      | Reached skill level 8 in Long Blades
  5228 | D:5      | Entered Level 5 of the Dungeon
  5314 | D:5      | Found a staircase to the Ecumenical Temple.
  5345 | Temple   | Entered the Ecumenical Temple
  5421 | Temple   | Became a worshipper of Cheibriados the Contemplative
  5640 | D:5      | Found a transporter.
  5640 | D:5      | Noticed Xoff's ghost (novice MiMo)
  5650 | D:5      | Noticed Sigmund
  5662 | D:5      | Killed Sigmund
  5662 | D:5      | Reached skill level 5 in Dodging
  5732 | D:5      | Found a shattered altar of Ashenzari.
  5924 | D:5      | Reached XP level 8. HP: 39/50 MP: 8/8
  5986 | D:5      | Found a transporter.
  6049 | D:5      | Noticed Ijyb
  6056 | D:5      | Killed Ijyb
  6184 | D:6      | Noticed Duvessa
  6189 | D:6      | Noticed Dowan
  6208 | D:5      | Slain by an iguana

Vault maps used:
D:1:      minmay_arrival_nine_rooms, minmay_pentomino_p2
D:2:      regret_index_temple_of_mockery, uniq_natasha
D:3:      grunt_ministairs_7
D:4:      first_ration
D:5:      overflow_temple_1_default, minmay_temple_entry_statues_fountains,
          gammafunk_ghost_mausoleum, uniq_sigmund, uniq_ijyb
D:6:      okawaru_gym_becter, uniq_edmund, uniq_duvessa
Temple:   regret_index_temple_waves

Skill      XL: |  1  2  3  4  5  6  7 |
---------------+----------------------+-----
Long Blades    | 4 6 7 8 |  8.0
Dodging        | 5 |  5.8
Fighting       | |  2.0
Throwing       | |  2.0

Action                   |  1- 3 |  4- 6 |  7- 9 || total
-------------------------+-------+-------+-------++-------
Melee: Long sword        |    67 |    94 |    88 ||   249
       Constrict         |    18 |    24 |    27 ||    69
       Tentacles         |    11 |    24 |    24 ||    59
  Use: Scroll            |       |    10 |     2 ||    12
 Stab: Sleeping          |    12 |     5 |     3 ||    20
  Eat: Chunk             |     1 |     8 |     8 ||    17
Armor: Skin              |     3 |     8 |     4 ||    15
Dodge: Dodged            |    40 |    61 |    59 ||   160
       Rpst.: Long sword |    11 |    16 |    16 ||    43

Table legend:
 A = Non-vault XP
 B = Vault XP
 C = Vault XP percentage of total XP
 D = Non-vault monster count
 E = Vault monster count
 F = Vault count percentage of total count
                 A         B        C        D         E       F
            +---------+---------+-------+---------+---------+-------
      Total |     983 |     308 |  23.9 |     107 |       7 |   6.1
            +---------+---------+-------+---------+---------+-------
        D:1 |      48 |       4 |   7.7 |      23 |       2 |   8.0
        D:2 |      86 |      35 |  28.9 |      24 |       1 |   4.0
        D:3 |     246 |       6 |   2.4 |      19 |       2 |   9.5
        D:4 |     358 |       0 |   0.0 |      24 |       0 |   0.0
        D:5 |     245 |     263 |  51.8 |      17 |       2 |  10.5
            +---------+---------+-------+---------+---------+-------
